 Dungeon Crawl Stone Soup version 0.20-a0-555-gf6ae02d (webtiles) character file.

103186 Lahna the Spry (level 16, -2/131 HPs)
             Began as a Merfolk Fighter on Feb 7, 2017.
             Was a High Priest of Okawaru.
             Slain by a freezing wraith (7 damage)
             ... in an ice cave.
             The game lasted 01:19:06 (24314 turns).

Lahna the Spry (Merfolk Fighter)                   Turns: 24314, Time: 01:19:07

Health: -2/131     AC: 25    Str: 16    XL:     16   Next: 35%
Magic:  23/23      EV: 17    Int: 10    God:    Okawaru [*****.]
Gold:   1638       SH: 17    Dex: 21    Spells: 15/15 levels left

rFire    x . .     SeeInvis .   S - +6 trident (flame)
rCold    + . .     Gourm    .   L - +2 plate armour {MR+}
rNeg     . . .     Faith    +   c - +1 shield
rPois    +         Spirit   .   w - +0 helmet
rElec    .         Reflect  .   G - +0 cloak {rPois}
rCorr    .         Harm     .   H - +0 pair of gloves
MR       ++...                  F - +0 pair of boots
Stlth    ..........             q - amulet of faith
Regen    0.4/turn               R - ring of ice
                                W - +3 ring of dexterity

@: heroism
A: change form in water, swift swim, stealthy swim
a: Heroism, Finesse, Renounce Religion


You were in an ice cave.
You worshipped Okawaru.
Okawaru was extremely pleased with you.
You were very hungry.

You visited 5 branches of the dungeon, and saw 25 of its levels.
You also visited: Ice Cave.

You collected 2356 gold pieces.
You spent 718 gold pieces at shops.

Inventory:

Hand Weapons
 S - a +6 trident of flaming (weapon)
Armour
 c - a +1 shield (worn)
 s - +0 fire dragon scales
 w - a +0 helmet (worn)
 F - a +0 pair of boots (worn)
 G - a +0 cloak of poison resistance (worn)
 H - a +0 pair of gloves (worn)
 L - a +2 plate armour of magic resistance (worn)
Jewellery
 o - an uncursed ring of poison resistance
 q - an amulet of faith (around neck)
 O - the ring "Umempum" {rElec rF- rN+ Str+4 Dex+7}
   (You found it on level 1 of the Lair of Beasts)

   [ring of positive energy]

   It affects your strength (+4).
   It affects your dexterity (+7).
   It makes you vulnerable to fire.
   It insulates you from electricity.
   It protects you from negative energy.
 P - an uncursed ring of positive energy
 R - a ring of ice (right hand)
 W - a +3 ring of dexterity (left hand)
Wands
 v - a wand of iceblast (7/15)
 V - a wand of scattershot (4/9)
Scrolls
 b - a scroll of fog
 i - 4 scrolls of recharging
 k - 17 scrolls of teleportation
 l - a scroll of enchant armour
 n - 3 scrolls of enchant weapon
 t - 4 scrolls of blinking
 u - a scroll of amnesia
 B - 2 scrolls of fear
 C - 6 scrolls of remove curse
 M - 3 scrolls of magic mapping
 Q - 2 scrolls of silence
 Y - 3 scrolls of identify
Potions
 a - a potion of resistance
 d - a potion of brilliance
 e - 2 potions of berserk rage
 g - 2 potions of cancellation
 j - 3 potions of mutation
 p - 5 potions of agility
 r - 2 potions of heal wounds
 x - a potion of invisibility
 A - 2 potions of flight
 D - 4 potions of lignification
 I - a potion of might
 J - a potion of ambrosia
 K - 7 potions of haste
 N - 3 potions of magic
 T - a potion of curing
Miscellaneous
 U - a phial of floods
Comestibles
 f - 15 bread rations
 h - 24 royal jellies
 m - 12 meat rations
 z - 2 fruits


   Skills:
 + Level 13.6(18.6) Fighting
 - Level 14.0(19.0) Polearms
 + Level 9.6(14.6) Armour
 - Level 15.0(20.0) Dodging
 - Level 15.0(20.0) Shields
 - Level 10.0 Invocations


You had 15 spell levels left.
You didn't know any spells.

Dungeon Overview and Level Annotations

Branches:
Dungeon (14/15)            Temple (1/1) D:5            Lair (6/6) D:10
  Swamp (2/4) Lair:2       Spider (0/4) Lair:2        Slime (0/5) Lair:6
    Orc (2/2) D:10            Elf (0/3) Orc:2
 Vaults: D:13-14

Altars:
Ashenzari
Cheibriados
Dithmenos
Elyvilon
Fedhas
Gozag
Hepliaklqana
Kikubaaqudgha
Makhleb
Nemelex Xobeh
Okawaru
Qazlal
Ru
Sif Muna
Trog
Uskayaw
Vehumet
Xom
Yredelemnul
Zin
The Shining One

Shops:
D:9 (?%   Orc:2 }(*!


Message History

You hit the ice devil. You burn the ice devil.
The ice devil is heavily wounded.
You block the ice devil's attack.
The freezing wraith hits you but does no damage.
The freezing wraith closely misses you.
You puncture the ice devil! You burn the ice devil!
You kill the ice devil!
Okawaru accepts your kill.
You hit the freezing wraith but do no damage.
The freezing wraith hits you!
* * * LOW HITPOINT WARNING * * *
The freezing wraith freezes you! You resist.
* * * LOW HITPOINT WARNING * * *
You block the freezing wraith's attack.
You hit the freezing wraith but do no damage.
Your plate armour prevents you from hitting the freezing wraith.
The freezing wraith hits you!
* * * LOW HITPOINT WARNING * * *
The freezing wraith freezes you! You resist.
You die...

##.#
#..#
#.##
#.##
##.#
##.#
##..# #.
##..##
#..#.W@#
#.....##
##....#
##..##
#.. #.#
##


You could see a freezing wraith.

Vanquished Creatures
  Frances (D:13)
  2 thorn hunters
  An orc warlord (Orc:1)
  A stone giant (D:10)
  Snorg (D:13)
  A fire dragon (Lair:6)
  The ghost of yrara the Basher, a journeyman TrFi of Okawaru (Lair:1)
  Josephine (Lair:5)
  Harold (D:11)
  7 hydras
  A centaur warrior (D:14)
  4 two-headed ogres
  A death knight (D:14)
  10 death yaks (Lair:6)
  A tengu warrior (D:13)
  2 alligators
  5 orc high priests
  A fire crab (Lair:6)
  2 skeletal warriors (D:14)
  3 swamp dragons
  An unseen horror (D:12)
  8 orc knights
  Pikel (D:5)
  A shambling mangrove (Swamp:2)
  An orc sorcerer (Orc:2)
  A deep elf mage (D:13)
  An ugly thing (D:13)
  3 manticores
  7 black mambas
  An ice statue (IceCv)
  Joseph (D:10)
  A torpor snail (Lair:2)
  10 elephants
  12 spiny frogs
  A gargoyle (D:12)
  3 rime drakes (Lair:6)
  2 kobold demonologists (D:11)
  A freezing wraith (IceCv)
  3 ice devils (IceCv)
  3 anaconda simulacra (IceCv)
  A golden dragon simulacrum (IceCv)
  14 komodo dragons
  5 trolls
  A merfolk (D:10)
  9 polar bears (Lair:6)
  2 tyrant leeches (Swamp:1)
  A wolf spider simulacrum (IceCv)
  5 bog bodies
  7 hornets
  5 raiju (Lair:6)
  4 blink frogs
  6 hippogriffs
  9 slime creatures (Swamp:1)
  Sigmund (D:5)
  A vampire (D:10)
  5 spriggans
  9 wraiths
  57 yaks
  2 dire elephant simulacra (IceCv)
  A wyvern (Lair:6)
  3 shadows
  2 hungry ghosts
  4 vampire mosquitoes (Swamp:1)
  A steam dragon (Lair:3)
  A death yak simulacrum (IceCv)
  2 basilisks
  An iron troll simulacrum (IceCv)
  A harpy simulacrum (IceCv)
  7 swamp worms
  9 wargs
  2 acid dragons (Lair:6)
  A hydra simulacrum (IceCv)
  12 hell hounds (Lair:6)
  13 water moccasins
  A sky beast (D:11)
  A hornet zombie (D:13)
  7 porcupines
  4 ice beasts
  34 orc warriors
  13 black bears
  2 swamp drakes (Lair:6)
  An eye of draining (D:13)
  2 necrophages
  14 ogres
  33 wolves
  7 centaurs
  16 crocodiles
  2 big kobolds (D:11)
  13 bullfrogs
  A wyvern skeleton (D:13)
  A scorpion (D:7)
  11 killer bees
  An electric eel (Lair:1)
  5 howler monkeys
  4 lava snakes
  3 crimson imps
  A draconian simulacrum (IceCv)
  2 centaur zombies
  3 quasits
  5 centaur skeletons
  8 hounds
  5 jellies
  29 orc priests
  14 iguanas
  19 orc wizards
  2 spriggan simulacra (IceCv)
  A troll simulacrum (IceCv)
  6 worker ants
  A polar bear simulacrum (IceCv)
  2 centaur simulacra (IceCv)
  A hound skeleton (D:9)
  2 hound zombies
  A howler monkey zombie (D:7)
  A howler monkey skeleton (D:11)
  10 gnolls
  3 naga simulacra (IceCv)
  7 adders
  3 ogre simulacra (IceCv)
  3 shadow imps
  7 white imps (IceCv)
  3 ufetubi (IceCv)
  2 oozes (Lair:6)
  An adder skeleton (D:7)
  A worm (D:2)
  5 dart slugs
  6 leopard geckos
  89 orcs
  4 bats
  8 giant cockroaches
  3 goblins
  8 hobgoblins
  5 jackals
  3 quokkas
  A ball python (D:1)
  5 frilled lizards
  2 jackal skeletons (D:6)
  8 kobolds
  A leopard gecko skeleton (D:8)
  A leopard gecko zombie (D:8)
  12 rats
  A briar patch (Swamp:2)
794 creatures vanquished.

Vanquished Creatures (others)
  A rime drake (Lair:6)
  A wolf (Lair:6)
  A ball python (D:5)
  A frilled lizard (D:5)
  10 fungi
  21 plants
35 creatures vanquished.

Grand Total: 829 creatures vanquished

Notes
Turn   | Place    | Note
-------+----------+-------------------------------------------
     0 | D:1      | Lahna the Merfolk Fighter began the quest for the Orb.
     0 | D:1      | Reached XP level 1. HP: 18/18 MP: 1/1
   140 | D:1      | Reached XP level 2. HP: 14/24 MP: 2/2
   675 | D:1      | Reached XP level 3. HP: 25/30 MP: 3/3
  1067 | D:2      | Reached XP level 4. HP: 37/37 MP: 4/4
  2168 | D:3      | Found a radiant altar of Vehumet.
  2225 | D:4      | Found a snail-covered altar of Cheibriados.
  2267 | D:4      | Reached XP level 5. HP: 42/43 MP: 5/5
  2374 | D:4      | Reached skill level 5 in Polearms
  2674 | D:5      | Entered Level 5 of the Dungeon
  2700 | D:5      | Noticed an ogre
  2706 | D:4      | Reached skill level 1 in Dodging
  2722 | D:4      | Killed an ogre
  2722 | D:4      | Reached skill level 5 in Fighting
  2722 | D:4      | Reached XP level 6. HP: 23/51 MP: 6/6
  2804 | D:5      | Found a staircase to the Ecumenical Temple.
  2804 | D:5      | Noticed a slave
  2805 | D:5      | Noticed a slave
  2807 | D:5      | Noticed Pikel
  2810 | D:5      | Noticed a slave
  2814 | D:5      | Noticed a slave
  2824 | D:5      | Killed Pikel
  2824 | D:5      | Reached XP level 7. HP: 15/58 MP: 7/7
  2833 | Temple   | Entered the Ecumenical Temple
  2926 | Temple   | Became a worshipper of Warmaster Okawaru
  3098 | D:5      | Reached skill level 5 in Dodging
  3099 | D:5      | Found a blossoming altar of Fedhas.
  3169 | D:5      | Reached XP level 8. HP: 65/65 MP: 8/8
  3210 | D:5      | Reached skill level 1 in Invocations
  3273 | D:5      | Noticed Sigmund
  3322 | D:5      | Killed Sigmund
  3322 | D:5      | Reached * piety under Okawaru
  3445 | D:5      | Found a basalt altar of Yredelemnul.
  4778 | D:7      | Reached XP level 9. HP: 74/74 MP: 11/11
  4983 | D:7      | Reached skill level 10 in Polearms
  5012 | D:7      | Reached ** piety under Okawaru
  6537 | D:9      | Found Xisk's Magic Scroll Shoppe.
  6545 | D:9      | Bought a scroll of identify for 24 gold pieces
  6550 | D:9      | Bought a scroll of identify for 24 gold pieces
  6550 | D:9      | Bought a scroll of teleportation for 36 gold pieces
  6550 | D:9      | Bought a scroll of teleportation for 36 gold pieces
  6711 | D:9      | Reached XP level 10. HP: 81/82 MP: 13/13
  6830 | D:9      | Reached *** piety under Okawaru
  6833 | D:9      | Reached skill level 5 in Invocations
  6964 | D:9      | Reached skill level 5 in Shields
  7035 | D:9      | Found Cuxilout's Antique Weapon Emporium.
  7099 | D:9      | Reached **** piety under Okawaru
  7409 | D:9      | Found Dealucep's Food Shop.
  7448 | D:10     | Entered Level 10 of the Dungeon
  7522 | D:10     | Found a staircase to the Orcish Mines.
  7776 | D:10     | Reached ***** piety under Okawaru
  7933 | D:10     | Noticed Joseph
  7986 | D:10     | Killed Joseph
  7986 | D:10     | Reached XP level 11. HP: 45/89 MP: 14/14
  8336 | D:10     | Found a staircase to the Lair.
  8390 | D:10     | Received a gift from Okawaru
  8580 | Lair:1   | Entered Level 1 of the Lair of Beasts
  8833 | Lair:1   | Noticed yrara's ghost (journeyman TrFi)
  8860 | Lair:1   | Killed yrara's ghost
  8998 | Lair:1   | Got a pitted gossamer ring
  9002 | Lair:1   | Identified the ring "Umempum" {rElec rF- rN+ Str+4 Dex+7} (You found it on level 1 of the Lair of Beasts)
  9496 | Lair:2   | Found a hole to the Spider Nest.
  9531 | Lair:2   | Reached skill level 10 in Fighting
  9939 | Lair:2   | Reached ****** piety under Okawaru
  9939 | Lair:2   | Reached XP level 12. HP: 73/97 MP: 15/15
 10001 | Lair:2   | Noticed a seven-headed hydra
 10027 | Lair:2   | Killed a seven-headed hydra
 10027 | Lair:2   | Reached skill level 10 in Dodging
 10035 | Lair:2   | Received a gift from Okawaru
 10148 | Lair:2   | Reached skill level 10 in Shields
 10155 | Lair:2   | Found a staircase to the Swamp.
 11222 | Lair:3   | Received a gift from Okawaru
 11856 | Lair:4   | Reached XP level 13. HP: 97/105 MP: 18/18
 12625 | Lair:5   | Noticed Josephine
 12646 | Lair:5   | Killed Josephine
 13247 | Lair:6   | Entered Level 6 of the Lair of Beasts
 13324 | Lair:5   | Received a gift from Okawaru
 13429 | Lair:6   | Reached skill level 5 in Armour
 13719 | Lair:6   | HP: 5/107 [fire crab] (9)]
 14039 | Lair:6   | Received a gift from Okawaru
 14222 | Lair:6   | Reached XP level 14. HP: 114/115 MP: 20/20
 14707 | Lair:6   | Received a gift from Okawaru
 14952 | Lair:6   | Found a staircase to the Slime Pits.
 15107 | Lair:6   | Received a gift from Okawaru
 15818 | Orc:1    | Entered Level 1 of the Orcish Mines
 15818 | Orc:1    | Noticed a stone giant
 15907 | D:10     | Killed a stone giant
 16200 | D:10     | Reached skill level 15 in Dodging
 16430 | Orc:2    | Entered Level 2 of the Orcish Mines
 16514 | Orc:2    | Found a staircase to the Elven Halls.
 16776 | Orc:2    | Reached skill level 10 in Invocations
 17702 | Orc:2    | Reached XP level 15. HP: 86/120 MP: 20/22
 18104 | Orc:2    | Noticed an orc warlord
 18170 | Orc:1    | Killed an orc warlord
 18170 | Orc:1    | Received a gift from Okawaru
 18812 | Orc:2    | Gained mutation: You are frail. (-10% HP) [a neqoxec]
 18824 | Orc:2    | Gained mutation: Your body sometimes deteriorates upon taking damage. [a neqoxec]
 18826 | Orc:2    | Gained mutation: You are very frail. (-20% HP) [a neqoxec]
 18858 | Orc:2    | Lost mutation: You are very frail. (-20% HP) [potion of cure mutation]
 18858 | Orc:2    | Lost mutation: Your body sometimes deteriorates upon taking damage. [potion of cure mutation]
 18858 | Orc:2    | Lost mutation: You are frail. (-10% HP) [potion of cure mutation]
 18902 | Orc:2    | Found Asymeshi's Distillery.
 18905 | Orc:2    | Found Rygywe's Gadget Emporium.
 18906 | Orc:2    | Found Suonuare's General Store.
 18907 | Orc:2    | Found Lase's Antique Weapon Shoppe.
 18918 | Orc:2    | Bought 2 potions of cancellation for 208 gold pieces
 18918 | Orc:2    | Bought a potion of haste for 130 gold pieces
 18918 | Orc:2    | Bought a potion of heal wounds for 65 gold pieces
 18918 | Orc:2    | Bought a potion of haste for 130 gold pieces
 18918 | Orc:2    | Bought a potion of heal wounds for 65 gold pieces
 19255 | D:11     | Found a sacrificial altar of Ru.
 19533 | D:11     | Noticed Harold
 19556 | D:11     | Killed Harold
 20949 | D:13     | Noticed Frances
 20982 | D:13     | Killed Frances
 21132 | D:13     | Reached skill level 15 in Shields
 21251 | D:13     | Noticed Snorg
 21259 | D:13     | Killed Snorg
 21336 | D:13     | Received a gift from Okawaru
 21902 | Swamp:1  | Entered Level 1 of the Swamp
 22191 | Swamp:1  | Reached XP level 16. HP: 127/129 MP: 23/23
 22446 | Swamp:1  | Received a gift from Okawaru
 23266 | Swamp:1  | Noticed a thorn hunter
 23275 | Swamp:1  | Killed a thorn hunter
 23339 | Swamp:2  | Noticed a thorn hunter
 23357 | Swamp:2  | Killed a thorn hunter
 23563 | Swamp:2  | Found a frozen archway.
 23578 | IceCv    | Entered an ice cave
 24314 | IceCv    | HP: 5/131 [freezing wraith (10)]
 24314 | IceCv    | Slain by a freezing wraith

Vault maps used:
D:1:      minmay_arrival_four_houses, minmay_misc_feat_more_columns,
          minmay_box_of_dots
D:3:      lemuel_round_altar, first_bread, minmay_bisected
D:4:      kennysheep_little_box, kennysheep_nondescript
D:5:      fedhas_bush_and_centaur_altar, minmay_temple_entry_grid,
          yredelemnul_altar_generic, uniq_pikel, uniq_sigmund
D:9:      serial_shops, shop, nicolae_shop_temple_entry_statues_fountains,
          kennysheep_mini_moat
D:10:     kennysheep_six_static_rooms, david_lair_shrubbed, hangedman_fish_farm,
          uniq_joseph
D:11:     small_statue_alley_a, nicolae_lava_and_water,
          nicolae_ru_sacrificial_ziggurat, uniq_harold
D:13:     uniq_snorg, uniq_frances
D:14:     lightli_vaults_fourway_checkpoint, hangedman_decor_lopped
Temple:   compressed_dpeg_circular_temple
Lair:1:   disabler_island, serial_bayou_shore_a
Lair:2:   beast_lair_carwin_large_3, swamp_mist, spider_nest_entry_web_field,
          hangedman_lair_generics_rect
Lair:3:   st_stairs_10
Lair:4:   st_stairs_10, minivault_27
Lair:5:   uniq_josephine
Lair:6:   guppyfry_lair_end_dragon, hangedman_lair_caniforms_friends,
          nicolae_slime_entry_slimehenge, st_stairs_13, grunt_megastairs_2
Swamp:1:  evilmike_swamp_ruin_house_2
Swamp:2:  portal_ice_cave_entry_pillars_1, evilmike_swamp_ruin_house_1
Orc:1:    mines2_lemuel
Orc:2:    st_orc_pillars
IceCv:    ice_cave_caverns_01

Skill      XL: |  1  2  3  4  5  6  7  8  9 10 11 12 13 14 15 16 |
---------------+-------------------------------------------------+-----
Fighting       | 4 5 6 7 8 9 10 12 13 | 13.6
Polearms       | 4 5 7 9 11 13 14 | 14.0
Armour         | 3 4 5 6 8 9 |  9.6
Dodging        | 2 4 5 6 7 8 9 11 13 15 | 15.0
Invocations    | 3 4 5 7 8 10 | 10.0
Shields        | 4 7 9 10 12 13 15 | 15.0

Action                   |  1- 3 |  4- 6 |  7- 9 | 10-12 | 13-15 | 16-18 || total
-------------------------+-------+-------+-------+-------+-------+-------++-------
Melee: Trident           |   110 |   173 |   503 |   894 |  2189 |   397 ||  4266
       Tailslap          |       |       |       |       |    36 |    43 ||    79
Invok: Heroism           |       |       |     5 |     8 |    31 |     2 ||    46
       Finesse           |       |       |       |       |     7 |       ||     7
  Use: Scroll            |       |     1 |    17 |     9 |     4 |       ||    31
       Potion            |       |     1 |       |     2 |     3 |       ||     6
 Stab: Distracted        |       |       |     1 |     1 |     1 |       ||     3
       Sleeping          |       |       |     1 |     4 |       |       ||     5
  Eat: Chunk             |     1 |     5 |    14 |    16 |    36 |     4 ||    76
       Fruit             |       |       |       |       |       |     2 ||     2
Armor: Scale mail        |    42 |    19 |       |       |    21 |       ||    82
       Leather armour    |       |    59 |    86 |    96 |    60 |       ||   301
       Fire dragon scale |       |       |       |       |    18 |       ||    18
       Plate armour      |       |       |       |       |   188 |    98 ||   286
Dodge: Dodged            |    22 |    62 |   162 |   349 |   667 |    83 ||  1345
Block: Shield            |    45 |    93 |   178 |   360 |  1120 |   172 ||  1968
